 Dungeon Crawl Stone Soup version 0.22.0-75-g3901e7991e (webtiles) character file.

74 brob4 the Chiller (level 4, -10/25 HPs)
             Began as a Gargoyle Ice Elementalist on Sept 12, 2018.
             Killed by divine providence
             ... invoked by an orc priest
              (14 damage)
             ... on level 3 of the Dungeon.
             The game lasted 00:26:03 (3318 turns).

brob4 the Chiller (Gargoyle Ice Elementalist)       Turns: 3318, Time: 00:26:03

Health: -10/25     AC: 11    Str: 10 (13) XL:     4   Next: 28%
Magic:  7/7        EV: 10    Int: 13 (15) God:
Gold:   105        SH:  0    Dex:  8 (10) Spells: 7/8 levels left

rFire    . . .     SeeInvis .   t - +0 long sword
rCold    . . .     Gourm    .   (no shield)
rNeg     + . .     Faith    .   h - +3 ring mail
rPois    ∞         Spirit   .   (no helmet)
rElec    +         Reflect  .   (no cloak)
rCorr    .         Harm     .   (no gloves)
MR       .....                  (no boots)
Stlth    +.........             (no amulet)
HPRegen  0.08/turn              (no ring)
MPRegen  0.10/turn              (no ring)

@: hasted, very quick
A: negative energy resistance 1, electricity resistance, unbreathing,
petrification resistance, rot immunity, AC +3
a: no special abilities


You were on level 3 of the Dungeon.
You were not hungry.

You visited 1 branch of the dungeon, and saw 3 of its levels.

You collected 105 gold pieces.

Inventory:

Hand Weapons
 e - a +0 club
 f - a +0 dagger
 k - a +0 spear
 l - a +0 short sword
 m - a +4 dagger
 o - a +0 whip
 t - a +0 long sword (weapon)
Missiles
 i - 78 stones (quivered)
 n - 26 sling bullets
 r - 35 bolts
Armour
 a - a +0 robe
 h - a +3 ring mail (worn)
 u - a +1 ring mail of poison resistance
 w - a cursed +0 ring mail
 x - a +0 ring mail
Scrolls
 b - a scroll of amnesia {unknown}
 d - a scroll of enchant weapon {unknown}
 j - 5 scrolls of identify
 y - a scroll of remove curse {unknown}
Potions
 q - a potion of curing {unknown}
Comestibles
 p - 4 rations
 s - a chunk of flesh


   Skills:
 + Level 1.5 Fighting
 + Level 0.7 Long Blades
 + Level 2.2 Dodging
 - Level 2.6 Stealth
 + Level 2.5 Spellcasting
   Level 1.1 Conjurations
 + Level 3.4 Ice Magic


You had 7 spell levels left.
You knew the following spells:

 Your Spells              Type           Power        Failure   Level  Hunger
a - Freeze                Ice            ##..         16%         1    #......

Your spell library contained the following spells:

 Spells                   Type           Power        Failure   Level  Hunger
 Throw Frost              Conj/Ice       #.....       36%         2    ###....
 Ozocubu's Armour         Chrm/Ice       #.......     67%         3    ###....
 Throw Icicle             Conj/Ice       #.......     94%         4    #####..
 Summon Ice Beast         Ice/Summ       #.......     97%         4    #####..


Dungeon Overview and Level Annotations

Branches:
Dungeon (3/15)

Altars:


Innate Abilities, Weirdness & Mutations

You are resistant to torment.
Your stone body is resilient. (AC +3)
You are immune to poison.
You resist negative energy. (rN+)
You are resistant to electric shocks. (rElec)
You can survive without breathing.
You are immune to petrification.
You are immune to rotting.


Message History

You hit the orc.
The orc is lightly wounded.
The orc hits you with a morningstar.
* * * LOW HITPOINT WARNING * * *
You hit the orc.
You kill the orc!
The orc priest hits you but does no damage.
You hit the orc priest.
The orc priest is lightly wounded.
The orc priest hits you but does no damage.
It was a potion of haste.
You feel yourself speed up.
The orc priest hits you but does no damage.
It was a potion of degeneration.
There was something very wrong with that liquid.
You feel weakened.
You feel dopey.
You feel clumsy.
The orc priest hits you but does no damage.
The orc priest calls down the wrath of Beogh upon you.
Beogh smites you!
Ouch! That really hurt!
You die...

......#.#......#
#..............#
#..............#
#....#.#(#..... ######
### #.#o# ... #....#
#.#o# . #....#.# #.#.#
##....#.K #.#.#
######.....#.# #####.#@#
#..........#..
.......)###.#.#.#...)#.#
........##...........#..
............#.#.#...)#..
........##.............#
........##..#.#.#.####)#
.......>##...........#.#
......#.##..####.#.#.#.#
............. #.#.#.#.#


You could see an orc priest and an orc.

Vanquished Creatures
  2 adders
  A leopard gecko (D:2)
  4 orcs (D:3)
  2 giant cockroaches
  13 goblins
  7 hobgoblins
  5 bats
  3 frilled lizards (D:1)
  8 kobolds
45 creatures vanquished.

Notes
Turn   | Place    | Note
-------+----------+-------------------------------------------
     0 | D:1      | brob4 the Gargoyle Ice Elementalist began the quest for the
                  | Orb.
     0 | D:1      | Reached XP level 1. HP: 10/10 MP: 3/3
   700 | D:1      | Reached XP level 2. HP: 16/16 MP: 5/5
  1608 | D:1      | Reached skill level 1 in Fighting
  1853 | D:1      | Reached XP level 3. HP: 15/20 MP: 6/6
  3174 | D:3      | Reached XP level 4. HP: 21/25 MP: 7/7
  3318 | D:3      | Killed from afar by an orc priest

Skill      XL: |  1  2  3 |
---------------+----------+-----
Fighting       | 1 |  1.5
Dodging        | 2 |  2.2
Long Blades    | |  0.7
Stealth        | |  2.6
Spellcasting   | |  2.5
Conjurations   | |  1.1
Ice Magic      | |  3.4

Action                   |  1- 3 |  4- 6 || total
-------------------------+-------+-------++-------
Melee: Unarmed           |    77 |       ||    77
       Dagger            |    49 |       ||    49
       Club              |    35 |       ||    35
       Long sword        |    34 |    25 ||    59
Throw: Stone             |    20 |     9 ||    29
  Use: Scroll            |     1 |       ||     1
       Potion            |       |     2 ||     2
 Stab: Sleeping          |     4 |       ||     4
  Eat: Chunk             |     4 |       ||     4
       Ration            |     1 |       ||     1
Armor: Robe              |    10 |       ||    10
       Skin              |    25 |       ||    25
       Ring mail         |     4 |    13 ||    17
Dodge: Dodged            |   101 |     9 ||   110
       Rpst.: Long sword |     8 |     5 ||    13
